 Dungeon Crawl Stone Soup version 0.30-a0-1163-gf69bf04e7a (webtiles) character file.

Game seed: 8728269471095225190

177 Ahpoh the Slasher (level 5, -3/40 (42) HPs)
             Began as a Vine Stalker Berserker on Apr 28, 2023.
             Was a Believer of Trog.
             Killed by an exploding quokka (28 damage)
             ... ignited by their inner flame
             ... on level 3 of the Dungeon.
             The game lasted 00:07:53 (1644 turns).

Ahpoh the Slasher (Vine Stalker Berserker)          Turns: 1644, Time: 00:07:57

HP:   -3/40 (42)    AC:  8    Str: 19 (20) XL:     5   Next: 57%
MP:   0/6           EV: 10    Int:  7      God:    Trog [**....]
Gold: 91            SH:  0    Dex: 17      Spells: 4/4 levels left

rFire   . . .        a - +1 falchion
rCold   . . .        (no shield)
rNeg    + . .        k - +2 scale mail {rN+}
rPois   .            (helmet restricted)
rElec   .            (no cloak)
rCorr   .            (no gloves)
SInv    .            (no boots)
Will    .....        (no amulet) Stlth
                     (no ring)
HPRegen 1.06/turn    (no ring)
MPRegen 0.10/turn

%: guardian spirit
@: berserking, lightly drained, very quick
A: fangs 2, regeneration 1, magic shield, antimagic bite, no potion heal 2,
horns 1, thin skeletal structure 1, deterioration 1, wild magic 1
a: Renounce Religion, Berserk, Trog's Hand


You were on level 3 of the Dungeon.
You worshipped Trog.
Trog was pleased with you.
You visited 1 branch of the dungeon, and saw 3 of its levels.

You collected 91 gold pieces.

Inventory:

Hand Weapons
 a - a +1 falchion (weapon)
Armour
 k - a +2 scale mail of positive energy (worn)
Scrolls
 b - a scroll of noise
 c - a scroll of immolation
 d - 2 scrolls of vulnerability
 e - a scroll of blinking
 h - a scroll of teleportation
Potions
 f - 2 potions of attraction
 g - a potion of flight {unknown}
 i - a potion of magic
 j - a potion of brilliance {unknown}
 l - a potion of curing {unknown}


   Skills:
 + Level 3.5 Fighting
 + Level 4.1 Long Blades
 + Level 2.0 Armour
 + Level 2.1 Dodging
 + Level 2.0 Stealth


You had 4 spell levels left.
You didn't know any spells.
Your spell library was empty.

Dungeon Overview and Level Annotations

Branches:
Dungeon (3/15)

Altars:
The Shining One

Annotations:
D:3 1 transporter


Innate Abilities, Weirdness & Mutations

You have extremely sharp teeth.
Your natural rate of healing is unusually fast.
When hurt, damage is shared between your health and your magic reserves.
Your bite disrupts and absorbs the magic of your enemies.
Potions cannot restore your health.
You have a pair of small horns on your head.
You have a somewhat thin skeletal structure. (Dex +2, Stealth+)
Your body sometimes deteriorates upon taking damage.
Your spells are a little harder to cast, but a little more powerful.


Message History

You enter the transporter and appear at another place.
Read: 2 scrolls of immolation
Press: ? - help, Q - select action, (/) - cycle Dir - look around, f - activate Look: a jackal (susceptible)
As you read the scroll of immolation, it crumbles to dust.
The creatures around you are filled with an inner flame!
Hit: a) +1 falchion
Press: ? - help, Dir - move target, f - avangion's ghost, p - jackal
Aim: avangion's ghost, wielding a weapon of draining (inner flame, about 46% to evade your +1 falchion)
Your weapon can't reach that far!
Okay, then.
You fail to use your ability.
The jackal barely misses you. The quokka closely misses you.
A red film seems to cover your vision as you go berserk!
You feel yourself moving faster!
You feel mighty! The jackal closely misses you.
The quokka bites you but does no damage.
Avangion's ghost closely misses you.
The jackal bites you but does no damage.
You slash avangion's ghost!
Flame seeps out of avangion's ghost.
Your bite misses avangion's ghost.
Avangion's ghost is moderately damaged.
The quokka bites you. The jackal bites you.
Avangion's ghost is engulfed in blazing flames.
Flame seeps out of avangion's ghost.
Avangion's ghost hits you. You partially resist.
You feel drained.
You slash avangion's ghost! Trog accepts your kill.
Trog appreciates your killing of a magic user.
Avangion's ghost explodes!
The fiery explosion engulfs the goblin!!
Trog accepts your kill.
The fiery explosion engulfs the quokka!!
Trog accepts your kill. The fiery explosion engulfs you!
Your body deteriorates!
You feel weakened.
The quokka explodes!
The fiery explosion engulfs you!!
Ouch! That really hurt!
You die...

....#.######....######.......
.)..#......................# #.
....#####...............(..#...
.....# #...#########......#.#.
#.##.####[.##.......##.......##
...........#8.#...#.8#..>..#...
#.##....#..#...#.#...#.....##.#
#.#####.#..#..§h....:#......###
..........©#..§§@..."#©....$...
#.#####.#..#..§○§....#.........
#.## #....#...#§#...#.........
..##<##....#8.#...#.8#......###
...........##©......##......#
####.##.....#########....####
.....#...................#
...###.................#.# ...#
#..........###.####.#


You could see a jackal (inner flame).

Vanquished Creatures
  The ghost of avangion the Conjurer, an amateur GnCj (D:3)
  Terence (D:2)
  Jessica (D:2)
  Robin (D:3)
  A gnoll (D:1)
  4 adders
  2 worms
  A dart slug (D:2)
  6 ball pythons
  4 bats
  6 endoplasms
  A giant cockroach (D:2)
  13 goblins
  5 hobgoblins
  2 kobolds
  5 quokkas
  2 frilled lizards (D:1)
  5 rats
61 creatures vanquished.

Vanquished Creatures (others)
  A plant (D:2)
1 creature vanquished.

Grand Total: 62 creatures vanquished

Notes
Turn   | Place    | Note
-------+----------+-------------------------------------------
     0 | D:1      | Ahpoh the Vine Stalker Berserker began the quest for the
                  | Orb.
     0 | D:1      | Reached XP level 1. HP: 11/11 MP: 2/2
   210 | D:1      | Gained mutation: You have a pair of small horns on your
                  | head. [potion of mutation]
   210 | D:1      | Gained mutation: Your body sometimes deteriorates upon
                  | taking damage. [potion of mutation]
   210 | D:1      | Gained mutation: Your spells are a little harder to cast,
                  | but a little more powerful. [potion of mutation]
   210 | D:1      | Gained mutation: You have a somewhat thin skeletal
                  | structure. (Dex +2, Stealth+) [potion of mutation]
   262 | D:1      | Reached XP level 2. HP: 16/16 MP: 3/3
   286 | D:1      | Reached skill level 3 in Long Blades
   479 | D:1      | Reached XP level 3. HP: 20/20 MP: 4/4
   876 | D:2      | Reached skill level 1 in Stealth
   894 | D:2      | Reached ** piety under Trog
   905 | D:2      | Gained mutation: Your natural rate of healing is unusually
                  | fast. [Vine Stalker growth]
   905 | D:2      | Reached XP level 4. HP: 24/24 MP: 5/5
  1020 | D:2      | Noticed Terence
  1030 | D:2      | Killed Terence
  1252 | D:2      | Noticed Jessica
  1259 | D:2      | Killed Jessica
  1260 | D:2      | Reached XP level 5. HP: 27/28 MP: 6/6
  1346 | D:3      | Found a glowing golden altar of the Shining One.
  1410 | D:3      | Noticed Robin
  1425 | D:3      | Reached skill level 4 in Long Blades
  1434 | D:3      | Killed Robin
  1530 | D:3      | Found a transporter.
  1533 | D:3      | Found a transporter.
  1533 | D:3      | Noticed avangion's ghost (amateur GnCj)
  1541 | D:3      | Identified the +1 ring mail of Berottor {rCorr}
  1644 | D:3      | Killed avangion's ghost
  1644 | D:3      | Killed by an exploding quokka... ignited by their inner
                  | flame

Illustrated notes

Levels and vault maps discovered:
D:1:      tarquinn_simple_flora_water_b, layout_loops_cross, st_stairs_8,
          minmay_misc_feat_ornament
D:2:      layout_rooms, serial_bayou, serial_bayou_crossing,
          serial_bayou_pond_e, serial_bayou_pond_b, serial_bayou_pond_c,
          uniq_terence, uniq_jessica
D:3:      layout_basic, nicolae_tso_carved_into_rock, gammafunk_ghost_arena,
          nicolae_concentric_dashed_squares_wild, kennysheep_nondescript,
          hangedman_decor_push, uniq_robin

Skill      XL: |  1  2  3  4  5 |
---------------+----------------+-----
Fighting       | 3 |  3.5
Long Blades    | 3 4 |  4.1
Stealth        | 1 2 |  2.0
Dodging        | 2 |  2.1
Armour         | 2 |  2.0

Action                     |  1- 3 |  4- 6 || total
---------------------------+-------+-------++-------
  Melee: Falchion          |    58 |    69 ||   127
         Bite              |    14 |    19 ||    33
         Headbutt          |     4 |    18 ||    22
 Invoke: Berserk           |     1 |     1 ||     2
    Use: Potion            |     1 |     1 ||     2
         Scroll            |       |     9 ||     9
   Stab: Sleeping          |     4 |     2 ||     6
 Armour: Animal skin       |     6 |       ||     6
         Scale mail        |    12 |    42 ||    54
  Dodge: Dodged            |    34 |    40 ||    74

Table legend: (Time is in decaauts)
 A = Elapsed time spent in this place.
 B = Non-inter-level travel time spent in this place.
 C = Inter-level travel time spent in this place.
 D = Time resting spent in this place.
 E = Time spent auto-exploring this place.
 F = Levels seen in this place.
 G = Mean time per level.
                   A        B        C        D        E       F      G
               +--------+--------+--------+--------+--------+-----+--------+
         Total |   1677 |   1638 |     39 |     43 |   1056 |   3 |  559.0 |
       Dungeon |   1677 |   1638 |     39 |     43 |   1056 |   3 |  559.0 |
               +--------+--------+--------+--------+--------+-----+--------+

Top non-repeatable levels by time:
     D:1: 786 daAuts
     D:2: 546 daAuts
     D:3: 344 daAuts
